 Dungeon Crawl Stone Soup version 0.23-a0-639-ga9a3373 (console) character file.

32 Duffy the Firebug (level 3, -1/24 HPs)
             Began as a Demonspawn Fire Elementalist on Dec 29, 2018.
             Slain by Terence
             ... wielding a +3 flail of protection
              (12 damage)
             ... on level 1 of the Dungeon.
             The game lasted 00:01:39 (1127 turns).

Duffy the Firebug (Demonspawn Fire Elementalist)    Turns: 1127, Time: 00:01:39

Health: -1/24      AC:  2    Str:  8    XL:     3   Next: 10%
Magic:  3/6        EV: 12    Int: 17    God:
Gold:   110        SH:  0    Dex: 13    Spells: 2/6 levels left

rFire    . . .     SeeInvis .   e - +0 short sword
rCold    . . .     Gourm    .   (no shield)
rNeg     . . .     Faith    +   a - +0 robe
rPois    .         Spirit   .   (no helmet)
rElec    .         Reflect  .   (no cloak)
rCorr    .         Harm     .   (no gloves)
MR       .....                  (no boots)
Stlth    ++........             f - amulet of faith
HPRegen  0.08/turn              (no ring)
MPRegen  0.10/turn              (no ring)

@: very slightly contaminated
A: hooves 1
a: no special abilities


You were on level 1 of the Dungeon.
You were not hungry.

You visited 1 branch of the dungeon, and saw 2 of its levels.

You collected 110 gold pieces.

Inventory:

Hand Weapons
 e - a +0 short sword (weapon)
Armour
 a - a +0 robe (worn)
Jewellery
 f - an amulet of faith (around neck)
Scrolls
 b - a scroll of identify {unknown}
 d - a scroll of teleportation {unknown}
 g - a scroll of enchant weapon {unknown}
 i - a scroll of enchant armour {unknown}
 j - a scroll of remove curse {unknown}
Comestibles
 c - a ration
 h - a chunk of flesh


   Skills:
 - Level 1.7 Dodging
 - Level 1.7 Stealth
 + Level 2.1 Spellcasting
 + Level 2.8 Conjurations
 + Level 2.8 Fire Magic


You had 2 spell levels left.
You knew the following spells:

 Your Spells              Type           Power        Failure   Level  Hunger
h - Flame Tongue          Conj/Fire      ##...        6%          1    #......
l - Conjure Flame         Conj/Fire      ##......     19%         3    ###....

Your spell library contained the following spells:

 Spells                   Type           Power        Failure   Level  Hunger
 Throw Flame              Conj/Fire      ##....       9%          2    ###....
 Inner Flame              Hex/Fire       #.......     32%         3    ###....
 Sticky Flame             Conj/Fire      ##......     52%         4    #####..
 Fireball                 Conj/Fire      ##........   86%         5    ######.


Dungeon Overview and Level Annotations

Branches:
Dungeon (2/15)

Altars:

Annotations:
D:1 Terence


Innate Abilities, Weirdness & Mutations

You have large cloven feet.


Message History

Casting: Flame Tongue (safe; 6% risk of failure)
Confirm with . or Enter, or press ? or * to list all spells.
Aiming: Flame Tongue (safe; 6% risk of failure)
Press: ? - help, Shift-Dir - straight line, f/p - Terence
Aim: Terence, wielding a +3 flail of protection and wearing a +0 scale mail You miscast Flame Tongue.
You are very lightly contaminated with residual magic.
You hear a sizzling sound.
Terence hits you with a +3 flail of protection.
Casting: Flame Tongue (safe; 6% risk of failure)
Confirm with . or Enter, or press ? or * to list all spells.
Aiming: Flame Tongue (safe; 6% risk of failure)
Press: ? - help, Shift-Dir - straight line, f/p - Terence
Aim: Terence, wielding a +3 flail of protection and wearing a +0 scale mail The flame tongue hits Terence.
Terence is lightly wounded.
Terence is engulfed in a cloud of scalding steam.
Terence hits you with a +3 flail of protection!
Ouch! That really hurt!
You die...

########### #.........#
###.........# ###...........#
#...#.........# #>..#.#########
#.#...#
###.##..###################
.>..##..........@.........#
....##.~~~~~~~~@~~~~~~~~~.#
.......~..8..........8..~.#
....##.~.##############.~.#######
....##.~8#.#.~~0#~~~~~#8~........
....##.~.#.#.~~.#~...~#.~........
.......~.#.#.~~.#~.#.~#.~........
###....~.#.#.~0.#~.#.~#8~........
..'....~.#.#.~~.#~.#.~#.~........


You could see Terence.

Vanquished Creatures
  2 oozes (D:1)
  A leopard gecko (D:1)
  5 bats (D:1)
  A giant cockroach (D:1)
  3 goblins (D:1)
  2 hobgoblins (D:1)
  2 jackals (D:1)
  2 ball pythons (D:1)
  3 kobolds (D:1)
  2 rats (D:1)
23 creatures vanquished.

Notes
Turn   | Place    | Note
-------+----------+-------------------------------------------
     0 | D:1      | Duffy the Demonspawn Fire Elementalist began the quest for
                  | the Orb.
     0 | D:1      | Reached XP level 1. HP: 13/13 MP: 3/3
   247 | D:1      | Gained mutation: You have large cloven feet. [demonic
                  | ancestry]
   247 | D:1      | Reached XP level 2. HP: 17/19 MP: 0/5
   923 | D:1      | Reached XP level 3. HP: 21/24 MP: 0/6
  1063 | D:1      | Learned a level 3 spell: Conjure Flame
  1098 | D:2      | Noticed Terence
  1127 | D:1      | Slain by Terence

Vault maps used:
D:1:      lightli_arrival_isolated_outpost
D:2:      first_ration, uniq_natasha, uniq_terence

Skill      XL: |  1 |
---------------+----+-----
Conjurations   | 2 |  2.8
Dodging        | |  1.7
Stealth        | |  1.7
Spellcasting   | |  2.1
Fire Magic     | |  2.8

Action                   || total
-------------------------++-------
Melee: Short sword       ||     3
       Kick              ||     1
 Cast: Flame Tongue      ||    42
  Eat: Chunk             ||     1
Armor: Robe              ||     6
Dodge: Dodged            ||    29

Table legend:
 A = Non-vault XP
 B = Vault XP
 C = Vault XP percentage of total XP
 D = Non-vault monster count
 E = Vault monster count
 F = Vault count percentage of total count
                 A         B        C        D         E       F
            +---------+---------+-------+---------+---------+-------
      Total |      47 |       0 |   0.0 |      23 |       0 |   0.0
            +---------+---------+-------+---------+---------+-------
        D:1 |      47 |       0 |   0.0 |      23 |       0 |   0.0
            +---------+---------+-------+---------+---------+-------
